AoeStats
← redpanda

Black Forest

504324977Analyzed
2v2 RM · 29d ago on Sep 4, 2026· 89m 49s· 4 players
Game mode
Random Map
Map size
Medium (4 player)
Population
200
Speed
Normal
Resources
Standard
Victory
Conquest
Starting age
Dark Age
Ending age
Imperial Age
RankedLock teamsTeams togetherTeam positionsShared explorationLock speedFull tech treeHidden civsTurbo modeCheats
Victory
Defeat
🇸🇰 Romans · Slovakia
788
+14
🇸🇰 Italians · Slovakia
768
+14
🇺🇸 Inca · United States
795
-40
🇺🇸 Mongols · United States
675
-12
redpanda
11:43 Feudal Age
12:15 Double-Bit Axe
12:13 Horse Collar
16:26 Scale Mail Armor
16:23 Gold Mining
17:17 Forging
16:38 Champi Runner
20:33 Arson
20:43 Stone Mining
23:24 Castle Age
25:09 Wheelbarrow
24:43 Heavy Plow
25:06 Chain Mail Armor
25:38 Bow Saw
26:08 Iron Casting
39:07 Gold Shaft Mining
41:13 Champi Warrior
42:17 Town Watch
45:35 Squires
47:43 Stone Shaft Mining
52:12 Imperial Age
51:06 Hand Cart
56:02 Imperial Age
57:36 Plate Mail Armor
57:20 Loom
58:47 Blast Furnace
62:18 Elite Champi Warrior
65:44 Pikeman
67:46 Halberdier
78:15 Halberdier
CookieMonstr36
14:35 Feudal Age
16:03 Wheelbarrow
15:18 Double-Bit Axe
15:26 Gold Mining
15:59 Stone Mining
20:42 Loom
22:59 Castle Age
24:20 Hand Cart
24:18 Bow Saw
23:57 Horse Collar
24:55 Stone Shaft Mining
27:21 Padded Archer Armor
27:11 Fletching
28:32 Gold Shaft Mining
32:24 Bodkin Arrow
32:45 Leather Archer Armor
37:41 Imperial Age
38:33 Elite Mangudai
40:48 Onager
44:41 Bracer
45:46 Chemistry
45:06 Ballistics
45:41 Siege Onager
Emko
0:43 Loom
14:56 Feudal Age
15:00 Man-at-Arms
18:44 Scale Mail Armor
18:55 Forging
19:48 Arson
32:36 Castle Age
31:19 Horse Collar
31:26 Double-Bit Axe
34:06 Gold Mining
34:06 Stone Mining
35:42 Iron Casting
35:04 Long Swordsman
36:03 Squires
37:48 Chain Mail Armor
43:42 Bow Saw
43:34 Heavy Plow
44:29 Wheelbarrow
45:11 Padded Archer Armor
45:02 Fletching
44:43 Elite Skirmisher
45:02 Pikeman
49:37 Bodkin Arrow
49:58 Leather Archer Armor
53:38 Imperial Age
52:09 Thumb Ring
54:36 Ballistics
55:48 Bracer
56:27 Ring Archer Armor
56:53 Silk Road
57:34 Crop Rotation
57:46 Conscription
58:38 Chemistry
57:34 Murder Holes
58:38 Plate Mail Armor
59:08 Blast Furnace
59:08 Elite Genoese Crossbowman
60:24 Hoardings
61:43 Blast Furnace
62:26 Two-Handed Swordsman
64:04 Caravan
67:38 Two-Man Saw
67:06 Fortified Wall
67:07 Masonry
69:28 Stone Shaft Mining
68:35 Champion
79:26 Scale Barding Armor
TheWeirdStranger
0:36 Loom
17:26 Feudal Age
19:25 Wheelbarrow
18:33 Horse Collar
18:40 Double-Bit Axe
22:21 Man-at-Arms
24:46 Fletching
24:56 Padded Archer Armor
25:11 Forging
25:01 Scale Mail Armor
29:57 Castle Age
29:25 Gold Mining
31:12 Iron Casting
30:53 Chain Mail Armor
30:00 Long Swordsman
30:43 Squires
33:03 Bow Saw
37:23 Caravan
37:53 Coinage
38:26 Heavy Plow
39:04 Gold Shaft Mining
39:48 Stone Mining
41:43 Fortified Wall
41:46 Masonry
41:57 Ballistics
44:56 Imperial Age
42:44 Hand Cart
42:19 Town Watch
43:01 Town Patrol
43:10 Scale Barding Armor
44:40 Murder Holes
45:32 Ballistas
47:02 Blast Furnace
46:39 Crop Rotation
49:12 Legionary
51:33 Chain Barding Armor
53:46 Banking
53:28 Guilds
53:32 Capped Ram
54:42 Comitatenses
54:42 Conscription
53:45 Elite Centurion
56:27 Siege Ram
60:28 Plate Barding Armor
63:10 Heavy Scorpion
65:13 Architecture
71:13 Chemistry
75:40 Pikeman
76:23 Halberdier
88:44 Redemption
88:34 Atonement
88:45 Fervor
88:51 Block Printing
89:01 Illumination
88:36 Devotion
88:32 Herbal Medicine
88:30 Guard Tower
89:00 Shipwright
88:51 Clinker Construction
88:51 Careening
88:47 Siege Engineers
88:19 Sappers
Connection lost

Rejoining the realm…

Still unreachable

The connection could not be restored.

Session expired

The server has moved on; the page needs a fresh start.